Rangers vs Capitals

Created - April 8, 2015 at 19:01

Goals
1 2 3 T
Rangers 2 1 0 3
Capitals 4 3 0 7
Shots
1 2 3 T
Rangers 16 9 14 39
Capitals 11 16 6 33

1st period

1. Capitals , Jay Harrison 3 (Tomas Fleischmann, Derek Dorsett) at 4:27
2. Rangers , Kris Russell 16 (Alex Goligoski, Sean Couturier) at 6:57
3. Capitals , Dmitri Orlov 16 (Mike Green, Alexander Semin) at 9:47 (PP)
4. Capitals , Mathieu Perreault 11 (Ryan McDonagh, Mike Green) at 12:58
5. Capitals , Dmitri Orlov 17 (Mike Green, Alexander Ovechkin) at 15:10 (PP)
6. Rangers , Karl Alzner 8 (Steve Downie, Anton Volchenkov) at 17:08

Penalties :
Andrew Ference (NYR) for Hooking (Minor) at 8:30, Andrew Desjardins (WSH) for Hooking (Minor) at 9:52, Steve Downie (NYR) for Roughing (Minor) at 14:26, Calvin de Haan (WSH) for Hooking (Minor) at 17:11

2nd period

7. Rangers , Karl Alzner 9 (David Legwand, Jean-Sebastien Giguere) at 2:22
8. Capitals , Mike Green 14 (Dmitri Orlov, Matt Stajan) at 7:22 (PP)
9. Capitals , Calvin de Haan 4 (Alexander Semin, Jiri Tlusty) at 12:45
10. Capitals , Matt Stajan 29 (Taylor Hall, Ryan McDonagh) at 13:30

Penalties :
Steve Downie (NYR) for Tripping (Minor) at 3:28, Andrew Ference (NYR) for Tripping (Minor) at 5:32, Andrew Desjardins (WSH) for Tripping (Minor) at 7:36

3rd period

No Goal

Penalties :
Ryan McDonagh (WSH) for Hooking (Minor) at 0:40, Alexander Ovechkin (WSH) for Tripping (Minor) at 2:57, Bryan Allen (NYR) for Hooking (Minor) at 2:57, Ryan McDonagh (WSH) for Cross-checking (Minor) at 5:56, Jiri Tlusty (WSH) for High sticking (Minor) at 13:43, Dmitri Orlov (WSH) for Hooking (Minor) at 16:36, Tyler Ennis (NYR) for High sticking (Minor) at 16:36

Goalie Stats

Brian Elliott (NYR), 6 saves from 10 shots - (0.600), L, 23-27-6, 15:10 minutes
Jean-Sebastien Giguere (NYR), 20 saves from 23 shots - (0.870), 44:50 minutes
Jimmy Howard (WSH), 36 saves from 39 shots - (0.923), W, 27-17-5, 60:00 minutes

Players Stats for Rangers

Player Name              G  A  P  +/- PIM S  H  SB GA TA FO     MP     PP MP  PK MP  
------------------------------------------------------------------------------------
Alex Goligoski           0  1  1   0  0   3  0  0  0  0  0/0    21:29   6:18   0:00 
Andrew Ference           0  0  0  -1  4   2  2  1  0  0  0/0    12:39   0:19   0:00 
Anton Volchenkov         0  1  1   0  0   0  1  1  0  0  0/0    13:33   0:00   3:05 
Benoit Pouliot           0  0  0   0  0   0  0  0  0  0  0/0     2:07   0:00   0:00 
Bryan Allen              0  0  0   0  2   0  0  2  0  0  0/0     2:16   0:00   0:00 
Chris Tanev              0  0  0  -1  0   2  1  2  0  0  0/0    24:02   6:37   3:05 
Craig Smith              0  0  0  -2  0   3  1  0  0  0  3/12   25:22   5:33   3:57 
David Legwand            0  1  1   2  0   2  0  0  0  0  17/25  20:12   6:21   0:00 
Jaromir Jagr             0  0  0  -1  0   4  0  0  0  0  0/0    11:55   0:00   0:00 
Joffrey Lupul            0  0  0  -2  0   2  6  0  0  0  1/3    23:09   5:33   3:57 
Karl Alzner              2  0  2   0  0   4  0  2  0  0  0/0    20:28   5:17   2:45 
Kris Russell             1  0  1   0  0   3  1  0  0  0  0/0    25:30   5:17   2:45 
Mark Letestu             0  0  0   0  0   0  0  0  0  0  0/0     0:00   0:00   0:00 
Mikael Backlund          0  0  0  -2  0   3  0  1  0  0  13/20  23:41   6:02   1:53 
Sean Couturier           0  1  1  -1  0   4  2  0  0  0  12/22  22:23   5:33   1:53 
Steve Downie             0  1  1   2  4   2  4  0  0  0  1/1    10:35   0:00   0:00 
Tomas Tatar              0  0  0   2  0   3  2  0  0  0  0/0    12:30   0:19   0:00 
Tyler Ennis              0  0  0  -1  2   2  1  0  0  0  2/4    18:15   6:21   0:00 

Players Stats for Capitals

Player Name              G  A  P  +/- PIM S  H  SB GA TA FO     MP     PP MP  PK MP  
------------------------------------------------------------------------------------
Alexander Ovechkin       0  1  1   2  2   0  3  0  0  0  3/3    21:05   3:34   0:14 
Alexander Semin          0  2  2   1  0   3  0  0  0  0  2/6    23:31   3:34   4:17 
Andrew Desjardins        0  0  0  -2  4   1  2  0  0  0  0/1    10:50   0:00   0:44 
Bryce Salvador           0  0  0   1  0   1  2  4  0  0  0/0    19:21   0:00   6:05 
Calvin de Haan           1  0  1   1  2   3  0  2  0  0  0/0    21:57   3:38   5:26 
Cody Eakin               0  0  0  -2  0   0  0  1  0  0  2/2    10:59   0:00   0:00 
Derek Dorsett            0  1  1   1  0   1  0  0  0  0  3/6     3:56   0:00   0:00 
Dmitri Orlov             2  1  3  -3  2   6  1  0  0  0  0/0    15:34   2:12   0:17 
Jay Harrison             1  0  1   1  0   1  2  1  0  0  0/0     4:06   0:00   3:04 
Jiri Tlusty              0  1  1   1  2   3  2  1  0  0  9/24   22:56   3:34   3:47 
Mathieu Perreault        1  0  1  -2  0   1  1  0  0  0  4/11   11:03   0:00   0:00 
Matt Stajan              1  1  2   1  0   5  2  0  0  0  15/33  21:20   2:16   7:23 
Mike Green               1  3  4   3  0   2  2  3  0  0  0/0    24:12   2:12   4:46 
Nate Guenin              0  0  0  -3  0   0  1  2  0  0  0/0    11:46   0:00   0:00 
Ryan McDonagh            0  2  2   2  4   3  5  0  0  0  0/0    23:00   3:38   4:10 
T.J. Galiardi            0  0  0   1  0   2  2  0  0  0  0/0    21:20   2:16   7:23 
Taylor Hall              0  1  1   1  0   0  0  0  0  0  0/1    10:52   0:00   0:00 
Tomas Fleischmann        0  1  1   1  0   1  0  0  0  0  0/0     6:12   2:16   0:00 

3 Stars

1 - Mike Green (WSH)
2 - Karl Alzner (NYR)
3 - Matt Stajan (WSH)

Power Play

Rangers - 0 on 6 Attempt(s) - 0.00%
Capitals - 3 on 4 Attempt(s) - 75.00%

Penalty Kill

Rangers - 1 on 4 Attempt(s) - 25.00% - Score 0 goal in Penalty Kill
Capitals - 6 on 6 Attempt(s) - 100.00% - Score 0 goal in Penalty Kill

Team Stat

Rangers - Hits : 21 - Faceoff Wins : 49 - Blocked Shots : 9 - Penalty Minutes : 12
Capitals - Hits : 25 - Faceoff Wins : 38 - Blocked Shots : 14 - Penalty Minutes : 16

Official

Referees : Gord Dwyer and Justin StPierre
Linesman : Brad Kovachik and Jean Morin

Game Notes

Jean-Sebastien Giguere enters game at 15:10 of 1st period

Finance

Level 1 -- Attendance: 2307 (35.49%) -- Ticket Income $576,750
Level 2 -- Attendance: 1516 (30.32%) -- Ticket Income $303,200
Level 3 -- Attendance: 954 (27.26%) -- Ticket Income $166,950
Level 4 -- Attendance: 549 (20.55%) -- Ticket Income $82,350
Luxury Box -- Attendance: 443 (44.30%) -- Ticket Income $177,200
Game was played at the Verizon Center'
Total Attendance: 5769 (30.90%)
Total Ticket Income: $1,306,450
Other Income: $195,968
Total Income: $1,502,418

% Time on Ice - Rangers

Lines # - Real PCT - Wanted PCT - Time Play
Normal Forward
1 - 36% - 40% - 13:39
2 - 31% - 30% - 11:55
3 - 28% - 20% - 10:37
4 - 6% - 10% - 2:07
Normal Defense
1 - 34% - 40% - 13:11
2 - 32% - 30% - 12:22
3 - 27% - 20% - 10:28
4 - 6% - 10% - 2:17
PP Forward
1 - 53% - 60% - 6:21
2 - 47% - 40% - 5:33
PP Defense
1 - 56% - 60% - 6:37
2 - 44% - 40% - 5:17
PK Forward
1 - 68% - 60% - 3:57
2 - 32% - 40% - 1:53
PK Defense
1 - 53% - 60% - 3:05
2 - 47% - 40% - 2:45
PK3 Forward
1 - 0% - 60%
2 - 0% - 40%
PK3 Defense
1 - 0% - 60%
2 - 0% - 40%
44 Forward
1 - 100% - 60% - 3:58
2 - 0% - 40% - 0:00
44 Defense
1 - 50% - 60% - 2:00
2 - 50% - 40% - 1:58
Last Minute Offensive  - 0:00
Last Minute Defensive  - 0:00
Total
Forward - 60:00
Defense - 60:00

% Time on Ice - Capitals

Lines # - Real PCT - Wanted PCT - Time Play
Normal Forward
1 - 35% - 36% - 13:22
2 - 28% - 33% - 10:52
3 - 26% - 16% - 10:08
4 - 10% - 15% - 3:56
Normal Defense
1 - 36% - 35% - 13:44
2 - 31% - 30% - 11:46
3 - 31% - 25% - 11:46
4 - 3% - 10% - 1:02
PP Forward
1 - 61% - 60% - 3:34
2 - 39% - 40% - 2:16
PP Defense
1 - 62% - 60% - 3:38
2 - 38% - 40% - 2:12
PK Forward
1 - 64% - 60% - 7:37
2 - 36% - 40% - 4:17
PK Defense
1 - 60% - 60% - 7:11
2 - 40% - 40% - 4:43
PK3 Forward
1 - 0% - 60%
2 - 0% - 40%
PK3 Defense
1 - 0% - 60%
2 - 0% - 40%
44 Forward
1 - 79% - 60% - 3:09
2 - 21% - 40% - 0:49
44 Defense
1 - 38% - 60% - 1:30
2 - 62% - 40% - 2:28
Last Minute Offensive  - 0:00
Last Minute Defensive  - 0:00
Total
Forward - 60:00
Defense - 60:00

Play by Play

1st period


0:01 of 1st period - Mikael Backlund wins face-off versus Jiri Tlusty in neutral zone.
0:05 of 1st period - Alex Goligoski is hit by Mike Green and loses puck.
0:21 of 1st period - Shot by Mikael Backlund.
0:21 of 1st period - Stopped by Jimmy Howard without a rebound.
0:22 of 1st period - Sean Couturier wins face-off versus Matt Stajan in Capitals zone.
0:27 of 1st period - Shot by Jaromir Jagr.
0:27 of 1st period - Shot Blocked by Calvin de Haan.
0:41 of 1st period - Shot by Sean Couturier.
0:41 of 1st period - Shot Blocked by Bryce Salvador.
0:43 of 1st period - Shot by Jaromir Jagr.
0:43 of 1st period - Stopped by Jimmy Howard with a rebound.
0:45 of 1st period - Shot by Tyler Ennis.
0:45 of 1st period - Stopped by Jimmy Howard without a rebound.
0:46 of 1st period - David Legwand wins face-off versus Mathieu Perreault in Capitals zone.
1:27 of 1st period - Shot by Tomas Tatar.
1:27 of 1st period - Shot Blocked by Nate Guenin.
1:48 of 1st period - Craig Smith is hit by Nate Guenin and loses puck.
1:53 of 1st period - Shot by Mikael Backlund.
1:53 of 1st period - Shot Misses the Net.
2:15 of 1st period - Shot by Craig Smith.
2:15 of 1st period - Deflect By Mikael Backlund.
2:15 of 1st period - Stopped by Jimmy Howard without a rebound.
2:16 of 1st period - Sean Couturier wins face-off versus Jiri Tlusty in Capitals zone.
2:28 of 1st period - Ryan McDonagh is hit by Andrew Ference.
3:24 of 1st period - Off-side.
3:25 of 1st period - Matt Stajan wins face-off versus Mikael Backlund in neutral zone.
3:27 of 1st period - Calvin de Haan is hit by Joffrey Lupul and loses puck.
3:31 of 1st period - Off-side.
3:32 of 1st period - Mikael Backlund wins face-off versus Matt Stajan in neutral zone.
3:41 of 1st period - Shot by Mikael Backlund.
3:41 of 1st period - Shot Blocked by Bryce Salvador.
3:50 of 1st period - Shot by David Legwand.
3:50 of 1st period - Stopped by Jimmy Howard without a rebound.
3:51 of 1st period - Mikael Backlund wins face-off versus Derek Dorsett in Capitals zone.
3:51 of 1st period - Mikael Backlund is hit by Jay Harrison.
4:17 of 1st period - Shot by Tomas Fleischmann.
4:17 of 1st period - Shot Misses the Net.
4:20 of 1st period - Derek Dorsett is hit by Anton Volchenkov and loses puck.
4:25 of 1st period - Shot by Tomas Fleischmann.
4:25 of 1st period - Shot Misses the Net.
4:27 of 1st period - Shot by Jay Harrison.
4:27 of 1st period - Goal by Jay Harrison - Rangers : 0 - Capitals : 1.
4:28 of 1st period - David Legwand wins face-off versus Taylor Hall in neutral zone.
4:55 of 1st period - Shot by Tomas Tatar.
4:55 of 1st period - Shot Misses the Net.
4:57 of 1st period - Shot by Alex Goligoski.
4:57 of 1st period - Stopped by Jimmy Howard with a rebound.
4:59 of 1st period - Shot by Steve Downie.
4:59 of 1st period - Shot Misses the Net.
5:01 of 1st period - Shot by Steve Downie.
5:01 of 1st period - Stopped by Jimmy Howard with a rebound.
5:07 of 1st period - Shot by David Legwand.
5:07 of 1st period - Shot Misses the Net.
5:09 of 1st period - Shot by Steve Downie.
5:09 of 1st period - Shot Blocked by Bryce Salvador.
5:51 of 1st period - Shot by Jaromir Jagr.
5:51 of 1st period - Shot Misses the Net.
5:53 of 1st period - Shot by Sean Couturier.
5:53 of 1st period - Stopped by Jimmy Howard without a rebound.
5:54 of 1st period - Mikael Backlund wins face-off versus Jiri Tlusty in Capitals zone.
6:05 of 1st period - Shot by Mikael Backlund.
6:05 of 1st period - Shot Misses the Net.
6:19 of 1st period - Joffrey Lupul is hit by Alexander Ovechkin and loses puck.
6:57 of 1st period - Shot by Kris Russell.
6:57 of 1st period - Goal by Kris Russell - Rangers : 1 - Capitals : 1.
6:58 of 1st period - David Legwand wins face-off versus Mathieu Perreault in neutral zone.
7:13 of 1st period - Shot by Tomas Tatar.
7:13 of 1st period - Stopped by Jimmy Howard with a rebound.
7:17 of 1st period - Shot by David Legwand.
7:17 of 1st period - Stopped by Jimmy Howard without a rebound.
7:18 of 1st period - Sean Couturier wins face-off versus Derek Dorsett in Capitals zone.
7:21 of 1st period - Shot by Jaromir Jagr.
7:21 of 1st period - Shot Misses the Net.
7:23 of 1st period - Shot by Kris Russell.
7:23 of 1st period - Stopped by Jimmy Howard without a rebound.
7:24 of 1st period - Mikael Backlund wins face-off versus Mathieu Perreault in Capitals zone.
8:05 of 1st period - Shot by Andrew Desjardins.
8:05 of 1st period - Stopped by Brian Elliott without a rebound.
8:06 of 1st period - Jiri Tlusty wins face-off versus Sean Couturier in Rangers zone.
8:11 of 1st period - Shot by Alexander Ovechkin.
8:11 of 1st period - Shot Misses the Net.
8:17 of 1st period - Shot by Jiri Tlusty.
8:17 of 1st period - Stopped by Brian Elliott with a rebound.
8:19 of 1st period - Shot by Ryan McDonagh.
8:19 of 1st period - Deflect By Alexander Ovechkin.
8:19 of 1st period - Shot Blocked by Chris Tanev.
8:30 of 1st period - Minor Penalty to Andrew Ference for Hooking.
8:31 of 1st period - Matt Stajan wins face-off versus Craig Smith in Rangers zone.
8:57 of 1st period - Joffrey Lupul is hit by Matt Stajan and loses puck.
9:10 of 1st period - Shot by Ryan McDonagh.
9:10 of 1st period - Stopped by Brian Elliott without a rebound.
9:11 of 1st period - Craig Smith wins face-off versus Jiri Tlusty in Rangers zone.
9:38 of 1st period - Chris Tanev is hit by Alexander Ovechkin and loses puck.
9:45 of 1st period - Shot by Mike Green.
9:45 of 1st period - Shot Misses the Net.
9:47 of 1st period - Shot by Dmitri Orlov.
9:47 of 1st period - Goal by Dmitri Orlov - Rangers : 1 - Capitals : 2.
9:48 of 1st period - Sean Couturier wins face-off versus Mathieu Perreault in neutral zone.
9:50 of 1st period - Alex Goligoski is hit by Mathieu Perreault and loses puck.
9:52 of 1st period - Minor Penalty to Andrew Desjardins for Hooking.
9:53 of 1st period - Matt Stajan wins face-off versus Tyler Ennis in Capitals zone.
11:05 of 1st period - Off-side.
11:06 of 1st period - Sean Couturier wins face-off versus Jiri Tlusty in neutral zone.
11:18 of 1st period - Icing by Chris Tanev.
11:19 of 1st period - Sean Couturier wins face-off versus Jiri Tlusty in Rangers zone.
11:44 of 1st period - Shot by Joffrey Lupul.
11:44 of 1st period - Shot Misses the Net.
11:46 of 1st period - Shot by Craig Smith.
11:46 of 1st period - Shot Misses the Net.
11:48 of 1st period - Shot by Sean Couturier.
11:48 of 1st period - Shot Blocked by Bryce Salvador.
11:52 of 1st period - Shot by Sean Couturier.
11:52 of 1st period - Shot Misses the Net.
12:14 of 1st period - Shot by Dmitri Orlov.
12:14 of 1st period - Stopped by Brian Elliott without a rebound.
12:15 of 1st period - Mathieu Perreault wins face-off versus Sean Couturier in Rangers zone.
12:58 of 1st period - Shot by Mathieu Perreault.
12:58 of 1st period - Goal by Mathieu Perreault - Rangers : 1 - Capitals : 3.
12:59 of 1st period - Jiri Tlusty wins face-off versus Mikael Backlund in neutral zone.
13:42 of 1st period - Off-side.
13:43 of 1st period - David Legwand wins face-off versus Matt Stajan in neutral zone.
13:45 of 1st period - Steve Downie is hit by Ryan McDonagh and loses puck.
13:59 of 1st period - Ryan McDonagh is hit by Steve Downie and loses puck.
14:10 of 1st period - Matt Stajan is hit by Tomas Tatar and loses puck.
14:19 of 1st period - Shot by Tomas Tatar.
14:19 of 1st period - Stopped by Jimmy Howard with a rebound.
14:26 of 1st period - Minor Penalty to Steve Downie for Roughing.
14:27 of 1st period - Joffrey Lupul wins face-off versus Jiri Tlusty in Rangers zone.
14:40 of 1st period - Shot by Ryan McDonagh.
14:40 of 1st period - Shot Misses the Net.
14:42 of 1st period - Shot by Ryan McDonagh.
14:42 of 1st period - Stopped by Brian Elliott with a rebound.
14:44 of 1st period - Shot by Alexander Semin.
14:44 of 1st period - Stopped by Brian Elliott without a rebound.
14:45 of 1st period - Jiri Tlusty wins face-off versus Craig Smith in Rangers zone.
15:04 of 1st period - Shot by Jiri Tlusty.
15:04 of 1st period - Deflect By Alexander Ovechkin.
15:04 of 1st period - Shot Misses the Net.
15:06 of 1st period - Shot by Mike Green.
15:06 of 1st period - Shot Blocked by Karl Alzner.
15:08 of 1st period - Shot by Dmitri Orlov.
15:08 of 1st period - Shot Blocked by Karl Alzner.
15:10 of 1st period - Shot by Dmitri Orlov.
15:10 of 1st period - Goal by Dmitri Orlov - Rangers : 1 - Capitals : 4.
15:10 of 1st period - Jean-Sebastien Giguere enters game.
15:11 of 1st period - Matt Stajan wins face-off versus Sean Couturier in neutral zone.
15:46 of 1st period - Shot by Taylor Hall.
15:46 of 1st period - Shot Misses the Net.
16:05 of 1st period - Alexander Ovechkin is hit by Andrew Ference and loses puck.
16:13 of 1st period - Off-side.
16:14 of 1st period - Jiri Tlusty wins face-off versus Craig Smith in neutral zone.
16:50 of 1st period - Shot by Jiri Tlusty.
16:50 of 1st period - Stopped by Jean-Sebastien Giguere without a rebound.
16:51 of 1st period - David Legwand wins face-off versus Mathieu Perreault in Rangers zone.
16:51 of 1st period - Karl Alzner is hit by Andrew Desjardins and loses puck.
16:57 of 1st period - Tomas Tatar is hit by Andrew Desjardins and loses puck.
17:06 of 1st period - Shot by Steve Downie.
17:06 of 1st period - Stopped by Jimmy Howard with a rebound.
17:08 of 1st period - Shot by Karl Alzner.
17:08 of 1st period - Goal by Karl Alzner - Rangers : 2 - Capitals : 4.
17:09 of 1st period - Sean Couturier wins face-off versus Matt Stajan in neutral zone.
17:11 of 1st period - Minor Penalty to Calvin de Haan for Hooking.
17:12 of 1st period - Matt Stajan wins face-off versus David Legwand in Capitals zone.
17:29 of 1st period - Alex Goligoski is hit by Bryce Salvador and loses puck.
18:50 of 1st period - Shot by Kris Russell.
18:50 of 1st period - Deflect By Craig Smith.
18:50 of 1st period - Stopped by Jimmy Howard without a rebound.
18:51 of 1st period - David Legwand wins face-off versus Jiri Tlusty in Capitals zone.
18:56 of 1st period - Shot by Chris Tanev.
18:56 of 1st period - Shot Misses the Net.
19:12 of 1st period - Shot by David Legwand.
19:12 of 1st period - Shot Misses the Net.
19:22 of 1st period - Nate Guenin is hit by Steve Downie and loses puck.
19:30 of 1st period - Icing by Derek Dorsett.
19:31 of 1st period - Derek Dorsett wins face-off versus Mikael Backlund in Capitals zone.
19:31 of 1st period - Derek Dorsett is hit by Joffrey Lupul.
Goals for this period are 2 for Rangers vs 4 for Capitals.
Shots for this period are 16 for Rangers vs 11 for Capitals.

2nd period


0:01 of 2nd period - Mikael Backlund wins face-off versus Alexander Semin in neutral zone.
0:18 of 2nd period - Icing by Craig Smith.
0:19 of 2nd period - Mikael Backlund wins face-off versus Matt Stajan in Rangers zone.
0:52 of 2nd period - Mikael Backlund is hit by T.J. Galiardi and loses puck.
1:08 of 2nd period - Icing by Taylor Hall.
1:09 of 2nd period - Matt Stajan wins face-off versus Sean Couturier in Capitals zone.
1:24 of 2nd period - Shot by Alexander Semin.
1:24 of 2nd period - Shot Blocked by Andrew Ference.
2:20 of 2nd period - Shot by Karl Alzner.
2:20 of 2nd period - Shot Misses the Net.
2:22 of 2nd period - Shot by Karl Alzner.
2:22 of 2nd period - Goal by Karl Alzner - Rangers : 3 - Capitals : 4.
2:23 of 2nd period - Mikael Backlund wins face-off versus Andrew Desjardins in neutral zone.
2:37 of 2nd period - Mathieu Perreault is hit by Kris Russell and loses puck.
3:28 of 2nd period - Minor Penalty to Steve Downie for Tripping.
3:29 of 2nd period - Alexander Ovechkin wins face-off versus Craig Smith in Rangers zone.
3:48 of 2nd period - Shot by Jiri Tlusty.
3:48 of 2nd period - Shot Misses the Net.
4:06 of 2nd period - Shot by Jiri Tlusty.
4:06 of 2nd period - Shot Misses the Net.
4:08 of 2nd period - Shot by Calvin de Haan.
4:08 of 2nd period - Stopped by Jean-Sebastien Giguere without a rebound.
4:09 of 2nd period - Matt Stajan wins face-off versus Sean Couturier in Rangers zone.
4:12 of 2nd period - Shot by Dmitri Orlov.
4:12 of 2nd period - Stopped by Jean-Sebastien Giguere without a rebound.
4:13 of 2nd period - Matt Stajan wins face-off versus Craig Smith in Rangers zone.
4:14 of 2nd period - Shot by Dmitri Orlov.
4:14 of 2nd period - Stopped by Jean-Sebastien Giguere without a rebound.
4:15 of 2nd period - Craig Smith wins face-off versus Matt Stajan in Rangers zone.
4:50 of 2nd period - Shot by T.J. Galiardi.
4:50 of 2nd period - Shot Misses the Net.
4:52 of 2nd period - Shot by Matt Stajan.
4:52 of 2nd period - Stopped by Jean-Sebastien Giguere with a rebound.
4:54 of 2nd period - Shot by T.J. Galiardi.
4:54 of 2nd period - Stopped by Jean-Sebastien Giguere without a rebound.
4:55 of 2nd period - Craig Smith wins face-off versus Jiri Tlusty in Rangers zone.
5:01 of 2nd period - Icing by Dmitri Orlov.
5:02 of 2nd period - Jiri Tlusty wins face-off versus Craig Smith in Capitals zone.
5:09 of 2nd period - Shot by Alexander Semin.
5:09 of 2nd period - Shot Blocked by Anton Volchenkov.
5:11 of 2nd period - Shot by Mike Green.
5:11 of 2nd period - Shot Misses the Net.
5:13 of 2nd period - Shot by Dmitri Orlov.
5:13 of 2nd period - Stopped by Jean-Sebastien Giguere with a rebound.
5:15 of 2nd period - Shot by Mike Green.
5:15 of 2nd period - Shot Misses the Net.
5:17 of 2nd period - Shot by Alexander Semin.
5:17 of 2nd period - Stopped by Jean-Sebastien Giguere without a rebound.
5:18 of 2nd period - Matt Stajan wins face-off versus Sean Couturier in Rangers zone.
5:32 of 2nd period - Minor Penalty to Andrew Ference for Tripping.
5:33 of 2nd period - Jiri Tlusty wins face-off versus Craig Smith in Rangers zone.
5:56 of 2nd period - Shot by Alexander Semin.
5:56 of 2nd period - Shot Misses the Net.
5:58 of 2nd period - Shot by Ryan McDonagh.
5:58 of 2nd period - Shot Blocked by Chris Tanev.
6:30 of 2nd period - Icing by Alexander Semin.
6:31 of 2nd period - Sean Couturier wins face-off versus Jiri Tlusty in Capitals zone.
7:10 of 2nd period - Shot by Mike Green.
7:10 of 2nd period - Deflect By Matt Stajan.
7:10 of 2nd period - Shot Misses the Net.
7:20 of 2nd period - Shot by Dmitri Orlov.
7:20 of 2nd period - Shot Misses the Net.
7:22 of 2nd period - Shot by Mike Green.
7:22 of 2nd period - Goal by Mike Green - Rangers : 3 - Capitals : 5.
7:23 of 2nd period - David Legwand wins face-off versus Mathieu Perreault in neutral zone.
7:28 of 2nd period - Shot by Tomas Tatar.
7:28 of 2nd period - Stopped by Jimmy Howard with a rebound.
7:36 of 2nd period - Minor Penalty to Andrew Desjardins for Tripping.
7:37 of 2nd period - David Legwand wins face-off versus Matt Stajan in Capitals zone.
8:06 of 2nd period - Shot by Tyler Ennis.
8:06 of 2nd period - Shot Misses the Net.
8:18 of 2nd period - Ryan McDonagh is hit by Tyler Ennis and loses puck.
8:33 of 2nd period - T.J. Galiardi is hit by Joffrey Lupul and loses puck.
8:38 of 2nd period - Shot by Kris Russell.
8:38 of 2nd period - Stopped by Jimmy Howard without a rebound.
8:39 of 2nd period - Jiri Tlusty wins face-off versus Joffrey Lupul in Capitals zone.
9:52 of 2nd period - Shot by Steve Downie.
9:52 of 2nd period - Shot Blocked by Cody Eakin.
9:54 of 2nd period - Shot by Andrew Ference.
9:54 of 2nd period - Shot Blocked by Nate Guenin.
10:44 of 2nd period - Shot by Jaromir Jagr.
10:44 of 2nd period - Stopped by Jimmy Howard without a rebound.
10:45 of 2nd period - Derek Dorsett wins face-off versus Craig Smith in Capitals zone.
10:59 of 2nd period - Shot by Mikael Backlund.
10:59 of 2nd period - Shot Misses the Net.
11:04 of 2nd period - Shot by Mikael Backlund.
11:04 of 2nd period - Shot Misses the Net.
11:06 of 2nd period - Shot by Craig Smith.
11:06 of 2nd period - Stopped by Jimmy Howard without a rebound.
11:07 of 2nd period - Matt Stajan wins face-off versus David Legwand in Capitals zone.
11:07 of 2nd period - Taylor Hall is hit by Steve Downie and loses puck.
11:22 of 2nd period - Shot by Matt Stajan.
11:22 of 2nd period - Stopped by Jean-Sebastien Giguere without a rebound.
11:23 of 2nd period - Alexander Ovechkin wins face-off versus Mikael Backlund in Rangers zone.
11:50 of 2nd period - Shot by Craig Smith.
11:50 of 2nd period - Shot Misses the Net.
11:52 of 2nd period - Shot by Craig Smith.
11:52 of 2nd period - Shot Misses the Net.
11:54 of 2nd period - Shot by Mikael Backlund.
11:54 of 2nd period - Stopped by Jimmy Howard without a rebound.
11:55 of 2nd period - Sean Couturier wins face-off versus Matt Stajan in Capitals zone.
12:19 of 2nd period - Shot by Andrew Ference.
12:19 of 2nd period - Stopped by Jimmy Howard without a rebound.
12:20 of 2nd period - Mikael Backlund wins face-off versus Jiri Tlusty in Capitals zone.
12:39 of 2nd period - Shot by Jiri Tlusty.
12:39 of 2nd period - Shot Misses the Net.
12:41 of 2nd period - Shot by Jiri Tlusty.
12:41 of 2nd period - Stopped by Jean-Sebastien Giguere with a rebound.
12:43 of 2nd period - Shot by Alexander Semin.
12:43 of 2nd period - Stopped by Jean-Sebastien Giguere with a rebound.
12:45 of 2nd period - Shot by Calvin de Haan.
12:45 of 2nd period - Goal by Calvin de Haan - Rangers : 3 - Capitals : 6.
12:46 of 2nd period - Tyler Ennis wins face-off versus Matt Stajan in neutral zone.
13:21 of 2nd period - Sean Couturier is hit by Ryan McDonagh and loses puck.
13:30 of 2nd period - Shot by Matt Stajan.
13:30 of 2nd period - Goal by Matt Stajan - Rangers : 3 - Capitals : 7.
13:31 of 2nd period - Mikael Backlund wins face-off versus Jiri Tlusty in neutral zone.
14:24 of 2nd period - Icing by Calvin de Haan.
14:25 of 2nd period - Jiri Tlusty wins face-off versus Tyler Ennis in Capitals zone.
14:47 of 2nd period - Shot by Sean Couturier.
14:47 of 2nd period - Shot Misses the Net.
14:49 of 2nd period - Shot by Chris Tanev.
14:49 of 2nd period - Stopped by Jimmy Howard without a rebound.
14:50 of 2nd period - Mathieu Perreault wins face-off versus David Legwand in Capitals zone.
16:20 of 2nd period - Shot by Ryan McDonagh.
16:20 of 2nd period - Shot Misses the Net.
16:22 of 2nd period - Shot by Matt Stajan.
16:22 of 2nd period - Stopped by Jean-Sebastien Giguere with a rebound.
16:24 of 2nd period - Shot by Ryan McDonagh.
16:24 of 2nd period - Stopped by Jean-Sebastien Giguere without a rebound.
16:25 of 2nd period - Sean Couturier wins face-off versus Jiri Tlusty in Rangers zone.
16:51 of 2nd period - Shot by Bryce Salvador.
16:51 of 2nd period - Stopped by Jean-Sebastien Giguere without a rebound.
16:52 of 2nd period - Matt Stajan wins face-off versus Mikael Backlund in Rangers zone.
17:57 of 2nd period - Alexander Semin is hit by Joffrey Lupul and loses puck.
18:26 of 2nd period - Shot by Alexander Semin.
18:26 of 2nd period - Shot Misses the Net.
18:39 of 2nd period - Sean Couturier is hit by Bryce Salvador and loses puck.
18:44 of 2nd period - Shot by Tyler Ennis.
18:44 of 2nd period - Stopped by Jimmy Howard with a rebound.
19:00 of 2nd period - Karl Alzner is hit by Jiri Tlusty.
19:01 of 2nd period - Icing by Karl Alzner.
19:02 of 2nd period - David Legwand wins face-off versus Mathieu Perreault in Rangers zone.
Goals for this period are 1 for Rangers vs 3 for Capitals.
Shots for this period are 9 for Rangers vs 16 for Capitals.

3rd period


0:01 of 3rd period - Mikael Backlund wins face-off versus Jiri Tlusty in neutral zone.
0:01 of 3rd period - Kris Russell is hit by Alexander Ovechkin and loses puck.
0:05 of 3rd period - Alex Goligoski is hit by Ryan McDonagh.
0:24 of 3rd period - Mikael Backlund is hit by Ryan McDonagh and loses puck.
0:30 of 3rd period - Joffrey Lupul is hit by Ryan McDonagh and loses puck.
0:40 of 3rd period - Minor Penalty to Ryan McDonagh for Hooking.
0:41 of 3rd period - David Legwand wins face-off versus Matt Stajan in Capitals zone.
0:57 of 3rd period - Shot by Alex Goligoski.
0:57 of 3rd period - Shot Misses the Net.
1:09 of 3rd period - Shot by David Legwand.
1:09 of 3rd period - Shot Blocked by Jay Harrison.
1:11 of 3rd period - Shot by Chris Tanev.
1:11 of 3rd period - Shot Blocked by Calvin de Haan.
1:13 of 3rd period - Shot by Alex Goligoski.
1:13 of 3rd period - Shot Misses the Net.
2:00 of 3rd period - Shot by Sean Couturier.
2:00 of 3rd period - Stopped by Jimmy Howard with a rebound.
2:41 of 3rd period - Icing by Tomas Tatar.
2:42 of 3rd period - Steve Downie wins face-off versus Derek Dorsett in Rangers zone.
2:49 of 3rd period - Shot by Tomas Tatar.
2:49 of 3rd period - Deflect By Sean Couturier.
2:49 of 3rd period - Shot Misses the Net.
2:57 of 3rd period - Minor Penalty to Alexander Ovechkin for Tripping.
2:57 of 3rd period - Minor Penalty to Bryan Allen for Hooking.
2:58 of 3rd period - David Legwand wins face-off versus Alexander Semin in Rangers zone.
3:00 of 3rd period - Icing by Karl Alzner.
3:01 of 3rd period - David Legwand wins face-off versus Alexander Semin in Rangers zone.
3:05 of 3rd period - Sean Couturier is hit by Dmitri Orlov and loses puck.
3:09 of 3rd period - Sean Couturier is hit by Mike Green and loses puck.
3:21 of 3rd period - Icing by Mike Green.
3:22 of 3rd period - Alexander Semin wins face-off versus David Legwand in Capitals zone.
4:08 of 3rd period - Shot by Tomas Tatar.
4:08 of 3rd period - Shot Blocked by Mike Green.
4:30 of 3rd period - Shot by Tomas Tatar.
4:30 of 3rd period - Shot Misses the Net.
4:52 of 3rd period - Shot by T.J. Galiardi.
4:52 of 3rd period - Stopped by Jean-Sebastien Giguere without a rebound.
4:53 of 3rd period - David Legwand wins face-off versus Alexander Semin in Rangers zone.
5:15 of 3rd period - Shot by Alexander Ovechkin.
5:15 of 3rd period - Shot Blocked by Bryan Allen.
5:17 of 3rd period - Shot by Alexander Ovechkin.
5:17 of 3rd period - Shot Blocked by Bryan Allen.
5:23 of 3rd period - Shot by Derek Dorsett.
5:23 of 3rd period - Stopped by Jean-Sebastien Giguere without a rebound.
5:24 of 3rd period - Sean Couturier wins face-off versus Matt Stajan in Rangers zone.
5:47 of 3rd period - Shot by Jaromir Jagr.
5:47 of 3rd period - Shot Blocked by Mike Green.
5:49 of 3rd period - Shot by Karl Alzner.
5:49 of 3rd period - Shot Misses the Net.
5:56 of 3rd period - Minor Penalty to Ryan McDonagh for Cross-checking.
5:57 of 3rd period - Sean Couturier wins face-off versus Matt Stajan in Capitals zone.
6:05 of 3rd period - Shot by Alex Goligoski.
6:05 of 3rd period - Stopped by Jimmy Howard without a rebound.
6:06 of 3rd period - David Legwand wins face-off versus Matt Stajan in Capitals zone.
7:15 of 3rd period - T.J. Galiardi is hit by Sean Couturier and loses puck.
7:20 of 3rd period - Shot by Karl Alzner.
7:20 of 3rd period - Shot Misses the Net.
7:38 of 3rd period - Shot by Joffrey Lupul.
7:38 of 3rd period - Stopped by Jimmy Howard with a rebound.
7:40 of 3rd period - Shot by Craig Smith.
7:40 of 3rd period - Shot Misses the Net.
7:42 of 3rd period - Shot by Sean Couturier.
7:42 of 3rd period - Deflect By Joffrey Lupul.
7:42 of 3rd period - Stopped by Jimmy Howard without a rebound.
7:43 of 3rd period - David Legwand wins face-off versus Jiri Tlusty in Capitals zone.
7:49 of 3rd period - David Legwand is hit by Jay Harrison and loses puck.
7:52 of 3rd period - Shot by Alex Goligoski.
7:52 of 3rd period - Shot Blocked by Jiri Tlusty.
8:13 of 3rd period - Shot by Mike Green.
8:13 of 3rd period - Stopped by Jean-Sebastien Giguere with a rebound.
8:17 of 3rd period - Shot by Tomas Fleischmann.
8:17 of 3rd period - Stopped by Jean-Sebastien Giguere without a rebound.
8:18 of 3rd period - Mathieu Perreault wins face-off versus Sean Couturier in Rangers zone.
8:33 of 3rd period - Shot by Sean Couturier.
8:33 of 3rd period - Stopped by Jimmy Howard with a rebound.
8:37 of 3rd period - Shot by Sean Couturier.
8:37 of 3rd period - Shot Misses the Net.
8:39 of 3rd period - Shot by Karl Alzner.
8:39 of 3rd period - Stopped by Jimmy Howard with a rebound.
8:54 of 3rd period - Dmitri Orlov is hit by Sean Couturier.
9:30 of 3rd period - Shot by Jiri Tlusty.
9:30 of 3rd period - Shot Blocked by Mikael Backlund.
9:46 of 3rd period - Shot by Andrew Ference.
9:46 of 3rd period - Stopped by Jimmy Howard without a rebound.
9:47 of 3rd period - Mikael Backlund wins face-off versus Matt Stajan in Capitals zone.
10:35 of 3rd period - Icing by Bryce Salvador.
10:36 of 3rd period - David Legwand wins face-off versus Matt Stajan in Capitals zone.
11:35 of 3rd period - Shot by Jaromir Jagr.
11:35 of 3rd period - Shot Misses the Net.
11:41 of 3rd period - Shot by Jaromir Jagr.
11:41 of 3rd period - Stopped by Jimmy Howard without a rebound.
11:42 of 3rd period - Mathieu Perreault wins face-off versus Mikael Backlund in Capitals zone.
11:42 of 3rd period - Cody Eakin is hit by Joffrey Lupul and loses puck.
12:44 of 3rd period - Shot by Sean Couturier.
12:44 of 3rd period - Shot Misses the Net.
12:46 of 3rd period - Shot by Tyler Ennis.
12:46 of 3rd period - Deflect By Sean Couturier.
12:46 of 3rd period - Shot Misses the Net.
12:48 of 3rd period - Shot by Jaromir Jagr.
12:48 of 3rd period - Stopped by Jimmy Howard without a rebound.
12:49 of 3rd period - Matt Stajan wins face-off versus David Legwand in Capitals zone.
12:49 of 3rd period - Matt Stajan is hit by Steve Downie.
12:54 of 3rd period - Ryan McDonagh is hit by Chris Tanev and loses puck.
12:58 of 3rd period - Icing by Chris Tanev.
12:59 of 3rd period - Jiri Tlusty wins face-off versus David Legwand in Rangers zone.
13:00 of 3rd period - Shot by Calvin de Haan.
13:00 of 3rd period - Stopped by Jean-Sebastien Giguere with a rebound.
13:34 of 3rd period - Shot by Alexander Semin.
13:34 of 3rd period - Shot Misses the Net.
13:43 of 3rd period - Minor Penalty to Jiri Tlusty for High sticking.
13:44 of 3rd period - Matt Stajan wins face-off versus Sean Couturier in Capitals zone.
14:11 of 3rd period - Shot by Joffrey Lupul.
14:11 of 3rd period - Deflect By Craig Smith.
14:11 of 3rd period - Stopped by Jimmy Howard without a rebound.
14:12 of 3rd period - Tyler Ennis wins face-off versus Matt Stajan in Capitals zone.
14:45 of 3rd period - Shot by Alex Goligoski.
14:45 of 3rd period - Stopped by Jimmy Howard without a rebound.
14:46 of 3rd period - Matt Stajan wins face-off versus Sean Couturier in Capitals zone.
14:46 of 3rd period - Matt Stajan is hit by Joffrey Lupul.
15:28 of 3rd period - Shot by Sean Couturier.
15:28 of 3rd period - Stopped by Jimmy Howard with a rebound.
15:30 of 3rd period - Shot by Karl Alzner.
15:30 of 3rd period - Stopped by Jimmy Howard without a rebound.
15:31 of 3rd period - David Legwand wins face-off versus Matt Stajan in Capitals zone.
15:36 of 3rd period - Shot by Chris Tanev.
15:36 of 3rd period - Stopped by Jimmy Howard with a rebound.
15:38 of 3rd period - Shot by Alex Goligoski.
15:38 of 3rd period - Shot Misses the Net.
15:53 of 3rd period - Shot by Alexander Semin.
15:53 of 3rd period - Shot Misses the Net.
16:36 of 3rd period - Minor Penalty to Dmitri Orlov for Hooking.
16:36 of 3rd period - Minor Penalty to Tyler Ennis for High sticking.
16:37 of 3rd period - Alexander Semin wins face-off versus David Legwand in Capitals zone.
17:01 of 3rd period - Shot by Sean Couturier.
17:01 of 3rd period - Shot Misses the Net.
17:35 of 3rd period - Mike Green is hit by Craig Smith and loses puck.
17:44 of 3rd period - Shot by Matt Stajan.
17:44 of 3rd period - Stopped by Jean-Sebastien Giguere without a rebound.
17:45 of 3rd period - Cody Eakin wins face-off versus Craig Smith in Rangers zone.
17:55 of 3rd period - Kris Russell is hit by Jiri Tlusty and loses puck.
18:04 of 3rd period - Shot by Sean Couturier.
18:04 of 3rd period - Deflect By Craig Smith.
18:04 of 3rd period - Shot Blocked by Mike Green.
18:21 of 3rd period - Icing by Mike Green.
18:22 of 3rd period - Cody Eakin wins face-off versus David Legwand in Capitals zone.
18:22 of 3rd period - Cody Eakin is hit by Tomas Tatar.
18:46 of 3rd period - Icing by Karl Alzner.
18:47 of 3rd period - Derek Dorsett wins face-off versus Mikael Backlund in Rangers zone.
19:02 of 3rd period - Icing by Anton Volchenkov.
19:03 of 3rd period - Mikael Backlund wins face-off versus Matt Stajan in Rangers zone.
19:03 of 3rd period - Mikael Backlund is hit by Matt Stajan.
19:14 of 3rd period - Anton Volchenkov is hit by T.J. Galiardi.
19:21 of 3rd period - Icing by Craig Smith.
19:22 of 3rd period - Alexander Ovechkin wins face-off versus Joffrey Lupul in Rangers zone.
19:49 of 3rd period - Off-side.
19:50 of 3rd period - Matt Stajan wins face-off versus Sean Couturier in neutral zone.
Goals for this period are 0 for Rangers vs 0 for Capitals.
Shots for this period are 14 for Rangers vs 6 for Capitals.


Output by the SimonT Hockey Simulator (STHS) for Stephane Roy -- Original Page W3C XHTML 1.0 Valid
Hockey Simulator - Hockey Simulation - Hockey Manager